 Dungeon Crawl Stone Soup version 0.27.1 (webtiles) character file.

Game seed: 8299245339661944363

80 Harkinian2 the Skirmisher (level 4, -7/40 HPs)
             Began as a Hill Orc Fighter on Aug 30, 2021.
             Killed by nerve-wracking pain
             ... invoked by Grinder
              (11 damage)
             ... on level 3 of the Dungeon.
             The game lasted 00:02:34 (1374 turns).

Harkinian2 the Skirmisher (Hill Orc Fighter)        Turns: 1374, Time: 00:02:34

Health: -7/40      AC:  7    Str: 18    XL:     4   Next: 39%
Magic:  4/4        EV:  7    Int:  8    God:
Gold:   47         SH:  9    Dex: 11    Spells: 3/3 levels left

rFire    . . .     SeeInvis .   a - +0 long sword
rCold    . . .     Faith    .   c - +0 kite shield
rNeg     . . .     Spirit   .   b - +0 scale mail
rPois    .         Reflect  .   (no helmet)
rElec    .         Harm     .   (no cloak)
rCorr    .         Rampage  .   (no gloves)
Will     .....                  (no boots)
Stlth    ..........             (no amulet)
HPRegen  0.13/turn              (no ring)
MPRegen  0.09/turn              (no ring)

@: mighty
A: no striking features
a: no special abilities


You were on level 3 of the Dungeon.
You visited 1 branch of the dungeon, and saw 3 of its levels.

You collected 47 gold pieces.

Inventory:

Hand Weapons
 a - a +0 long sword (weapon)
Armour
 b - a +0 scale mail (worn)
 c - a +0 kite shield (worn)
Scrolls
 e - a scroll of amnesia {unknown}
 f - 3 scrolls of identify {unknown}
 g - a scroll of blinking {unknown}
Potions
 d - a potion of might


   Skills:
 + Level 3.9 Fighting
 * Level 3.5 Long Blades
 + Level 3.8 Armour
 * Level 0.8 Dodging
 + Level 0.1 Stealth
 + Level 3.7 Shields


You had 3 spell levels left.
You didn't know any spells.
Your spell library contained the following spells:

 Spells                   Type           Power      Damage    Failure   Level
 Ignite Poison            Fire/Tmut/Pois 0%         N/A       100%        3
 Mephitic Cloud           Conj/Pois/Air  0%         N/A       100%        3
 Bolt of Magma            Conj/Fire/Erth 0%         4d4       100%        5


Dungeon Overview and Level Annotations

Branches:
Dungeon (2/15)

Altars:

Annotations:
D:3 Grinder


Message History

You block the rat's attack.
You hit the orc.
The orc is heavily wounded.
The orc closely misses you.
You riposte.
You slice the orc!!
You kill the orc!
The rat barely misses you. Grinder gestures at you.
You resist with significant effort. Grinder hits you but does no damage.
Items here: ( ))) [ †.
You closely miss Grinder.
Grinder is lightly wounded.
The rat bites you but does no damage. Grinder hits you but does no damage.
You block the rat's attack.
You slash Grinder!
Grinder is moderately wounded.
You block Grinder's attack. You block the rat's attack.
Grinder blinks!
You slash the rat!
You kill the rat!
Grinder gestures at you.
You suddenly lose the ability to move!
Grinder says, "Just stop there for a second..."
Grinder hits you.
You writhe in agony.
Grinder hits you.
You writhe in agony.
* * * LOW HITPOINT WARNING * * *
Grinder hits you.
* * * LOW HITPOINT WARNING * * *
You can move again.
You hit Grinder.
Grinder is heavily wounded.
Grinder hits you.
* * * LOW HITPOINT WARNING * * *
You writhe in agony.
* * * LOW HITPOINT WARNING * * *
You block Grinder's attack.
You barely miss Grinder.
Grinder is heavily wounded.
Grinder gestures at you. Pain shoots through your body!
You die...

. ..... # ... # ...
# >.. # #.# # #.#
###### # #5# #.....
#. #@# ##.###.
..###o##)# #..# #.
..5..>.#.## ##.## #.
#)...# ###..# #.
#.#..### ##...## #.
#.#....###..### #.
#.#.##..##.########.
#.#.###..........#
#.#.# ####.#####..


You could see Grinder.

Vanquished Creatures
  An orc wizard (D:3)
  A worm (D:2)
  4 dart slugs
  3 orcs (D:3)
  3 endoplasms
  A giant cockroach (D:1)
  6 hobgoblins
  3 kobolds
  2 ball pythons (D:1)
  A frilled lizard (D:1)
  9 goblins
  7 rats
41 creatures vanquished.

Vanquished Creatures (others)
  3 plants (D:2)
3 creatures vanquished.

Grand Total: 44 creatures vanquished

Notes
Turn   | Place    | Note
-------+----------+-------------------------------------------
     0 | D:1      | Harkinian2 the Hill Orc Fighter began the quest for the
                  | Orb.
     0 | D:1      | Reached XP level 1. HP: 19/19 MP: 1/1
   274 | D:1      | Reached XP level 2. HP: 27/27 MP: 2/2
   579 | D:1      | Found a faded altar of an unknown god.
   815 | D:1      | Reached XP level 3. HP: 33/33 MP: 3/3
  1305 | D:2      | You fall into a shaft and drop 1 floor!
  1339 | D:3      | Noticed Grinder
  1358 | D:3      | Reached XP level 4. HP: 25/40 MP: 4/4
  1367 | D:3      | Paralysed by Grinder for 6 turns
  1374 | D:3      | Killed from afar by Grinder

Illustrated notes

Levels and vault maps discovered:
D:1:      ncdulo_watergridlock, layout_basic, basic_ecumenical_altar
D:2:      layout_loops_ring, serial_bayou_crossing
D:3:      layout_rooms, mainiacjoe_overflow_catwalk,
          mainiacjoe_overflow_surrounded_room, uniq_ijyb, uniq_grinder

Skill      XL: |  1  2  3 |
---------------+----------+-----
Long Blades    | 3 |  3.5
Fighting       | |  3.9
Armour         | |  3.8
Dodging        | |  0.8
Stealth        | |  0.1
Shields        | |  3.7

Action                   |  1- 3 |  4- 6 || total
-------------------------+-------+-------++-------
Melee: Long sword        |   117 |     9 ||   126
  Use: Potion            |       |     1 ||     1
Armor: Scale mail        |    55 |     6 ||    61
Dodge: Dodged            |    32 |     3 ||    35
Block: Kite shield       |    66 |     8 ||    74
       Rpst.: Long sword |    12 |     1 ||    13
